 Dungeon Crawl Stone Soup version 0.29-a0-320-g9f8742066b (webtiles) character file.

Game seed: 16500895286755985455

54 sammy202020 the Skirmisher (level 3, -12/29 HPs)
             Began as a Demonspawn Berserker on Apr 2, 2022.
             Was a Follower of Trog.
             Mangled by an ogre
             ... wielding a +0 giant club
              (22 damage)
             ... on level 2 of the Dungeon.
             The game lasted 00:02:00 (1239 turns).

sammy202020 the Skirmisher (Demonspawn Berserker)   Turns: 1239, Time: 00:02:02

Health: -12/29     AC:  6    Str: 17    XL:     3   Next: 66%
Magic:  3/3        EV: 10    Int: 16    God:    Trog [*.....]
Gold:   81         SH:  0    Dex: 12    Spells: 2/2 levels left

rFire   . . .      SeeInvis .   a - +0 hand axe
rCold   . . .      Faith    .   (no shield)
rNeg    . . .      Spirit   .   e - +0 scale mail
rPois   .          Reflect  .   (no helmet)
rElec   .          Harm     .   (no cloak)
rCorr   .          Rampage  .   (no gloves)
Will    .....                   (no boots)
Stlth   ..........              (no amulet)
HPRegen 0.09/turn               h - +6 ring of intelligence
MPRegen 0.08/turn               (no ring)

@: on berserk cooldown, slowed, very slow
A: spiny 1
a: Renounce Religion, Berserk


You were on level 2 of the Dungeon.
You worshipped Trog.
Trog was aware of your devotion.
You visited 1 branch of the dungeon, and saw 2 of its levels.

You collected 81 gold pieces.

Inventory:

Hand Weapons
 a - a +0 hand axe (weapon)
 j - a +0 mace
Missiles
 c - 2 atropa-tipped darts (quivered)
Armour
 b - a +0 animal skin
 e - a +0 scale mail (worn)
Jewellery
 h - a +6 ring of intelligence (left hand)
Scrolls
 g - a scroll of amnesia
 i - a scroll of identify {unknown}
Potions
 d - a potion of haste {unknown}
 f - a potion of magic {unknown}
 k - a potion of flight {unknown}


   Skills:
 * Level 3.5 Fighting
 * Level 3.1 Axes
 * Level 2.6 Armour
 + Level 2.0 Dodging


You had 2 spell levels left.
You didn't know any spells.
Your spell library was empty.

Dungeon Overview and Level Annotations

Branches:
Dungeon (2/15)

Altars:

Shops:
D:1 [


Innate Abilities, Weirdness & Mutations

You are partially covered in sharp spines.


Message History

You closely miss the goblin. Robin throws the goblin at you!
The goblin hits you with a +0 club. The goblin barely misses you.
You hit the goblin.
You kill the goblin!
Trog accepts your kill.
You hit the goblin.
You kill the goblin!
Trog accepts your kill.
You hit the kobold.
The kobold is severely wounded.
The kobold is struck by your spines.
You kill the kobold!
Trog accepts your kill.
You hit Robin.
Robin is moderately wounded.
You slash Robin!
You feel the power of Trog in you as your rage grows.
You kill Robin!
Trog accepts your kill.
You slash the goblin!
You kill the goblin!
Trog accepts your kill.
You barely miss the goblin. The goblin is struck by your spines.
The goblin hits you with a +0 dagger.
You barely miss the goblin.
The goblin is heavily wounded.
You closely miss the goblin.
The goblin is heavily wounded.
The goblin closely misses you.
You slash the goblin!
You kill the goblin!
Trog accepts your kill.
You slash the ogre!
The ogre is moderately wounded.
You are no longer berserk.
You are exhausted.
You feel yourself slow down. The ogre is struck by your spines.
The ogre hits you with a +0 giant club!!
Ouch! That really hurt!
You die...

S. . .. .
.#.### .#...
# ... ..
##.## .g
##.#.##.#
#$)#...
##@#.# ##O#
#..)........
##g#......##
#...####..#
. ... .#
####.# #.#
#.#


You could see an ogre.

Vanquished Creatures
  Robin (D:2)
  2 adders (D:2)
  2 ball pythons (D:1)
  An endoplasm (D:1)
  10 goblins
  2 hobgoblins
  A quokka (D:1)
  A bat (D:1)
  A frilled lizard (D:1)
  2 kobolds
  A rat (D:1)
24 creatures vanquished.

Notes
Turn   | Place    | Note
-------+----------+-------------------------------------------
     0 | D:1      | sammy202020 the Demonspawn Berserker began the quest for
                  | the Orb.
     0 | D:1      | Reached XP level 1. HP: 18/18 MP: 1/1
   545 | D:1      | Gained mutation: You are partially covered in sharp spines.
                  | [demonic ancestry]
   545 | D:1      | Reached XP level 2. HP: 19/24 MP: 2/2
   614 | D:1      | Found Gomulog's Antique Armour Boutique.
  1218 | D:2      | Identified the +0 helmet "Sozamnat" {rN+ Int+4 Dex+3}
  1218 | D:2      | Noticed Robin
  1227 | D:2      | Reached XP level 3. HP: 21/29 MP: 3/3
  1227 | D:2      | Noticed an ogre
  1233 | D:2      | Killed Robin
  1239 | D:2      | Mangled by an ogre

Illustrated notes

Levels and vault maps discovered:
D:1:      dpeg_arrival_rooms_with_view, layout_loops_corners, serial_shops,
          shop_statue
D:2:      minmay_door_path, layout_basic,
          shapermc_ecumenical_altar_mp_ritualfount, minmay_ruptured, uniq_robin

Skill      XL: |  1  2 |
---------------+-------+-----
Armour         | 2 |  2.6
Axes           | 3 |  3.1
Dodging        | 2 |  2.0
Fighting       | |  3.5

Action                   || total
-------------------------++-------
Melee: Hand axe          ||    42
Invok: Berserk           ||     1
  Use: Scroll            ||     5
Armor: Animal skin       ||     5
       Scale mail        ||     7
Dodge: Dodged            ||    20

Table legend: (Time is in decaauts)
 A = Elapsed time spent in this place.
 B = Non-inter-level travel time spent in this place.
 C = Inter-level travel time spent in this place.
 D = Time resting spent in this place.
 E = Time spent auto-exploring this place.
 F = Levels seen in this place.
 G = Mean time per level.
                   A        B        C        D        E       F      G
               +--------+--------+--------+--------+--------+-----+--------+
         Total |   1239 |   1239 |      0 |      0 |   1046 |   2 |  619.5 |
       Dungeon |   1239 |   1239 |      0 |      0 |   1046 |   2 |  619.5 |
               +--------+--------+--------+--------+--------+-----+--------+

Top non-repeatable levels by time:
     D:1: 1219 daAuts
     D:2: 20 daAuts
